 Dungeon Crawl Stone Soup version 0.28.0-43-g3370ac3207 (webtiles) character file.

Game seed: 4076138960685700044

222 issech the Cudgeller (level 5, 0/47 HPs)
             Began as a Troll Monk on Mar 31, 2022.
             Was a Believer of Hepliaklqana.
             Slain by a goblin
             ... wielding a +0 club
             ... led by Robin
              (2 damage)
             ... on level 4 of the Dungeon.
             The game lasted 00:08:38 (2145 turns).

issech the Cudgeller (Troll Monk)                   Turns: 2145, Time: 00:08:38

Health: 0/47       AC:  5    Str: 19    XL:     5   Next: 66%
Magic:  4/4        EV: 10    Int: 12    God:    Hepliaklqana [**....]
Gold:   129        SH:  0    Dex: 14    Spells: 4/4 levels left

rFire   . . .      SeeInvis .   z - +2 flail (vorpal)
rCold   + . .      Faith    .   (no shield)
rNeg    . . .      Spirit   .   b - +0 robe
rPois   .          Reflect  .   (helmet restricted)
rElec   .          Harm     .   q - +0 cloak
rCorr   .          Rampage  .   (gloves unavailable)
Will    .....                   (boots unavailable)
Stlth   ++........              (no amulet)
HPRegen 0.95/turn               p - ring of protection from cold
MPRegen 0.09/turn               u - +6 ring of intelligence

@: no status effects
A: reduced essence, large, unfitting armour, claws 3, regeneration 1, shaggy fur
1, tough skin 1
a: Renounce Religion, Recall Ancestor, Ancestor Identity


You were on level 4 of the Dungeon.
You worshipped Hepliaklqana.
Hepliaklqana was pleased with you.
You visited 1 branch of the dungeon, and saw 4 of its levels.

You collected 129 gold pieces.

Inventory:

Hand Weapons
 a - a +0 mace
 e - a +0 flail
 s - a +0 battleaxe
 z - a +2 vorpal flail (weapon)
Missiles
 c - 104 stones (quivered)
 d - 64 sling bullets
 l - 5 large rocks
 t - 13 arrows
 v - 28 bolts
 w - 3 poisoned darts
Armour
 b - a +0 robe (worn)
 q - a +0 cloak (worn)
Magical Staves
 g - a staff of air
Jewellery
 p - a ring of protection from cold (left claw)
 u - a +6 ring of intelligence (right claw)
Wands
 n - a wand of polymorph (3)
Scrolls
 f - 6 scrolls of immolation
 h - a scroll of magic mapping {unknown}
 j - 2 scrolls of noise {unknown}
 o - a scroll of enchant armour {unknown}
 x - a scroll of identify {unknown}
 y - a scroll of teleportation {unknown}
 A - a scroll of torment {unknown}
Potions
 i - a potion of resistance {unknown}
 k - a potion of mutation {unknown}
 m - 2 potions of curing {unknown}
 r - 2 potions of heal wounds {unknown}


   Skills:
 + Level 3.0 Fighting
 + Level 4.1 Maces & Flails
 + Level 2.2 Throwing
 + Level 3.0 Dodging
 + Level 1.3 Stealth
 + Level 0.1 Unarmed Combat


You had 4 spell levels left.
You didn't know any spells.
Your spell library contained the following spells:

 Spells                   Type           Power      Damage    Failure   Level
 Shock                    Conj/Air       0%         1d3       32%         1
 Corpse Rot               Necr/Air       0%         N/A       45%         2
 Poisonous Vapours        Pois/Air       0%         N/A       45%         2
 Swiftness                Air            0%         N/A       69%         3
 Airstrike                Air            0%         N/A       97%         4


Dungeon Overview and Level Annotations

Branches:
Dungeon (4/15)
 Temple: D:4-7

Altars:
Hepliaklqana

Shops:
D:2 !

Annotations:
D:3 1 runed translucent door, pkoi's ghost, amateur DECj


Innate Abilities, Weirdness & Mutations

Your life essence is reduced to manifest your ancestor. (-10% HP)
You are too large for most types of armour.
You have claws for hands.
Your natural rate of healing is unusually fast.
You are covered in fur. (AC +1)
You have tough skin. (AC +1)


Message History

The goblin hits you with a +0 club.
You hit Robin but do no damage. The goblin hits you with a +0 dagger.
The goblin closely misses you. The goblin barely misses you.
The goblin closely misses you. The goblin barely misses you.
The goblin hits you but does no damage.
Robin's bangles clink loudly.
You closely miss Robin. Robin closely misses you.
The goblin completely misses you. The goblin hits you with a +0 club.
The goblin hits you with a +0 dagger. The goblin closely misses you.
The goblin hits you but does no damage. The goblin hits you with a +0 club.
The goblin hits you but does no damage.
You hit Robin.
Robin is heavily wounded.
The goblin hits you but does no damage. The goblin barely misses you.
The goblin closely misses you. The goblin hits you with a +0 dagger.
The goblin hits you but does no damage. The goblin closely misses you.
The goblin hits you with a +0 club.
Unknown command.
You barely miss Robin.
Robin is heavily wounded.
The goblin hits you with a +0 dagger. The goblin closely misses you.
The goblin hits you with a +0 dagger. The goblin misses you.
The goblin hits you with a +0 club. x2
* * * LOW HITPOINT WARNING * * *
The goblin closely misses you. x2; The goblin hits you but does no damage.
The goblin hits you with a +0 dagger.
* * * LOW HITPOINT WARNING * * *
The goblin closely misses you. The goblin barely misses you.
You thump Robin!
You kill Robin!
The goblin closely misses you. The goblin hits you but does no damage.
The goblin hits you with a +0 club.
* * * LOW HITPOINT WARNING * * *
The goblin closely misses you. The goblin barely misses you.
The goblin hits you but does no damage. The goblin completely misses you.
The goblin closely misses you. The goblin hits you with a +0 club.
* * * LOW HITPOINT WARNING * * *
You closely miss the hobgoblin. The goblin closely misses you.
The goblin hits you but does no damage. The goblin hits you with a +0 club.
You die...

.... ## ..
#.#.###≈
..##.....!
.........#
#........##
...<......#
..........#
......ggg.####.
......g@gg.....
......ggg..#...
...........?.#.
...........(.#
.......(.)..(..
...............
...............
...............


You could see 2 hobgoblins and 7 goblins.

Vanquished Creatures
  Terence (D:2)
  Robin (D:4)
  3 adders
  2 worms
  A dart slug (D:1)
  2 orcs
  A bat (D:1)
  4 endoplasms
  2 giant cockroaches
  6 hobgoblins
  2 quokkas
  6 ball pythons
  5 frilled lizards
  4 goblins
  4 kobolds
  8 rats
52 creatures vanquished.

Vanquished Creatures (collateral kills)
  A centaur (D:3)
  2 adders (D:3)
  A giant cockroach (D:3)
  2 bats (D:3)
6 creatures vanquished.

Grand Total: 58 creatures vanquished

Notes
Turn   | Place    | Note
-------+----------+-------------------------------------------
     0 | D:1      | issech the Troll Monk began the quest for the Orb.
     0 | D:1      | Reached XP level 1. HP: 22/22 MP: 0/0
   145 | D:1      | Reached XP level 2. HP: 29/29 MP: 1/1
   316 | D:1      | Reached skill level 3 in Maces & Flails
   677 | D:2      | Found Icweffuo's Distillery.
   698 | D:1      | Reached XP level 3. HP: 24/36 MP: 2/2
   897 | D:2      | Noticed Terence
   903 | D:2      | Found a faded altar of an unknown god.
  1036 | D:2      | Killed Terence
  1037 | D:2      | Reached skill level 1 in Throwing
  1037 | D:2      | Reached XP level 4. HP: 44/44 MP: 3/3
  1426 | D:3      | Found a runed translucent door.
  1429 | D:3      | Noticed pkoi's ghost (amateur DECj)
  1613 | D:3      | Found a hazy altar of Hepliaklqana.
  1622 | D:3      | Became a worshipper of Hepliaklqana the Forgotten
  1622 | D:3      | Reached * piety under Hepliaklqana
  1622 | D:3      | Reached ** piety under Hepliaklqana
  1623 | D:3      | Remembered your ancestor Publius as a battlemage
  1625 | D:3      | Noticed a centaur
  1631 | D:3      | Killed a centaur
  1632 | D:3      | Reached XP level 5. HP: 32/47 MP: 4/4
  2125 | D:3      | You fall into a shaft and drop 1 floor!
  2133 | D:4      | Reached skill level 4 in Maces & Flails
  2133 | D:4      | Noticed Robin
  2144 | D:4      | Killed Robin
  2144 | D:4      | HP: 1/47 [goblin/+0 club[Robin] (6)]
  2145 | D:4      | Slain by a goblin

Illustrated notes

Levels and vault maps discovered:
D:1:      dpeg_arrival_water_temple_mockup, layout_rooms,
          nicolae_figureground_sparkle
D:2:      layout_rooms, serial_shops, shop_statue,
          hellmonk_ecumenical_altar_blasted, uniq_terence
D:3:      layout_loops_ring, lemuel_crystal_altar,
          hellmonk_ghost_happy_afterlife, chequers_serial_rivers_micro_e,
          small_statue_intersection, chequers_hall_statues_corner_a,
          mrwooster_statue_mirror, minivault_5, ebering_dispersal_statue_hall,
          kennysheep_generic_room_2
D:4:      layout_rooms, gammafunk_ghost_smash,
          amcnicky_mini_rare_corridor_liquid, uniq_robin

Skill      XL: |  1  2  3  4  5 |
---------------+----------------+-----
Maces & Flails | 3 4 |  4.1
Throwing       | 1 2 |  2.2
Fighting       | 3 |  3.0
Dodging        | 3 |  3.0
Stealth        | |  1.3
Unarmed Combat | |  0.1

Action                   |  1- 3 |  4- 6 || total
-------------------------+-------+-------++-------
Melee: Mace              |    20 |       ||    20
       Punch             |     5 |     1 ||     6
       Flail             |    63 |    39 ||   102
       Unarmed           |     6 |       ||     6
Throw: Stone             |    63 |    20 ||    83
Invok: Ancestor Life: Ba |       |     1 ||     1
 Stab: Sleeping          |     1 |     1 ||     2
Armor: Robe              |    40 |    42 ||    82
Dodge: Dodged            |    68 |    56 ||   124
